Map: Oxide LE

Players

Trap - Winner!

  • Race: Protoss Protoss
  • Spawn Location: 1:00

Astrea

  • Race: Protoss Protoss
  • Spawn Location: 7:00

Event: IEM Katowice 2021

VOD

Have the link to the VOD?

Description

Time

  • Played on: Feb. 24, 2021, 12:02 p.m.
  • Length: 8:37
Show
View Real Time Build Order
Export as new Build Order

Trap Protoss - Winner!

Build Orders: Oracle Opening 

Get SALT Encoding   

  12  0:00  Probe  
  13  0:12  Probe  
  14  0:18  Pylon  
  14  0:24  Probe (Chrono Boost)  
  15  0:36  Probe (Chrono Boost)  
  15  0:39  Gateway  
  16  0:45  Probe (Chrono Boost)  
  16  0:47  Assimilator  
  17  0:51  Probe  
  18  0:57  Assimilator  
  18  1:03  Probe  
  19  1:08  Pylon  
  19  1:15  Probe  
  20  1:26  Cybernetics Core  
  20  1:28  Zealot  
  20  1:30  Probe  
  23  1:43  Probe  
  24  1:55  Probe  
  24  2:01  Adept (Chrono Boost)  
  25  2:04  Stargate  
  27  2:12  Pylon  
  27  2:13  Warp Gate  
  27  2:14  Probe  
  28  2:23  Pylon  
  28  2:30  Stalker  
  28  2:35  Probe  
  31  2:46  Oracle (Chrono Boost)  
  33  3:04  Nexus  
  33  3:10  Shield Battery  
  31  3:17  Stalker  
  33  3:20  Probe  
  34  3:30  Robotics Facility  
  34  3:33  Probe  
  35  3:45  Probe  
  36  3:52  Gateway  
  33  3:57  Probe  
  33  4:02  Stalker  
  36  4:11  Probe  
  36  4:13  Immortal (Chrono Boost)  
  41  4:22  Pylon  
  41  4:28  Adept  
  43  4:34  Probe x2  
  45  4:43  Observer (Chrono Boost)  
  45  4:44  Twilight Council  
  46  4:46  Probe  
  46  4:48  Stalker  
  49  4:53  Sentry  
  49  4:58  Probe x2  
  53  5:03  Immortal (Chrono Boost)  
  55  5:10  Probe x2  
  55  5:13  Pylon  
  57  5:21  Adept x2  
  61  5:26  Probe  
  62  5:31  Probe  
  62  5:32  Immortal (Chrono Boost)  
  65  5:42  Probe  
  64  5:43  Probe  
  64  5:44  Assimilator  
  64  5:46  Pylon  
  64  5:48  Observer  
  65  5:56  Adept x2  
  69  6:00  Resonating Glaives (Chrono Boost)  
  67  6:08  Gateway x2  
  65  6:17  Gateway x2  
  65  6:21  Gateway  
  65  6:23  Warp Prism (Chrono Boost)  
  65  6:30  Sentry  
  65  6:32  Probe x2  
  71  6:34  Pylon  
  71  6:38  Sentry  
  73  6:40  Pylon  
  73  6:53  Immortal (Chrono Boost)  
  75  7:02  Observer  
  75  7:03  Adept x4  
  81  7:11  Pylon  
  81  7:13  Adept x2  
  85  7:19  Adept  
  85  7:21  Immortal (Chrono Boost)  
  91  7:40  Adept x3  
  91  7:41  Adept x2  
  101  7:46  Pylon  
  101  7:50  Pylon  
  101  7:53  Observer  
  92  8:09  Adept x6  
  74  8:33  Adept  
  74  8:34  Adept x6  
Show
View Real Time Build Order
Export as new Build Order

Astrea Protoss 

Build Orders: Blink Stalkers 

Get SALT Encoding   

  12  0:00  Probe  
  13  0:12  Probe  
  14  0:17  Pylon  
  14  0:24  Probe (Chrono Boost)  
  15  0:37  Probe (Chrono Boost)  
  15  0:38  Gateway  
  16  0:45  Probe (Chrono Boost)  
  16  0:46  Assimilator  
  17  0:51  Probe  
  17  0:56  Assimilator  
  18  1:03  Probe  
  19  1:15  Probe (Chrono Boost)  
  20  1:20  Pylon  
  21  1:27  Probe (Chrono Boost)  
  21  1:28  Cybernetics Core  
  21  1:32  Zealot  
  23  1:38  Probe  
  24  1:50  Probe  
  24  1:52  Pylon  
  25  2:02  Probe  
  25  2:06  Stalker (Chrono Boost)  
  25  2:07  Warp Gate  
  28  2:17  Pylon  
  28  2:26  Probe  
  28  2:29  Twilight Council  
  29  2:31  Stalker (Chrono Boost)  
  31  2:51  Probe  
  31  3:00  Nexus  
  31  3:03  Probe  
  31  3:07  Blink (Chrono Boost)  
  29  3:15  Probe (Chrono Boost)  
  29  3:16  Stalker  
  32  3:26  Probe (Chrono Boost)  
  33  3:27  Shield Battery  
  33  3:30  Probe (Chrono Boost)  
  34  3:40  Gateway  
  33  3:43  Probe  
  30  3:55  Probe  
  31  4:02  Stalker, Pylon  
  33  4:08  Probe  
  34  4:13  Probe  
  34  4:21  Gateway  
  34  4:23  Probe  
  35  4:25  Probe  
  35  4:26  Stalker  
  38  4:35  Probe  
  38  4:37  Probe  
  40  4:39  Stalker  
  42  4:47  Probe  
  42  4:48  Pylon  
  42  4:51  Probe  
  44  4:55  Stalker  
  46  5:00  Probe  
  46  5:04  Probe  
  48  5:11  Stalker  
  50  5:14  Probe  
  50  5:16  Stalker  
  50  5:20  Stalker  
  55  5:22  Probe  
  55  5:26  Probe  
  57  5:35  Probe  
  54  5:39  Probe (Chrono Boost)  
  55  5:44  Robotics Facility  
  55  5:46  Sentry  
  55  5:47  Assimilator  
  55  5:48  Probe (Chrono Boost)  
  58  5:50  Assimilator  
  58  5:53  Stalker x2  
  59  5:58  Probe (Chrono Boost)  
  59  5:59  Probe (Chrono Boost)  
  59  6:03  Probe  
  56  6:09  Probe  
  58  6:15  Pylon  
  58  6:16  Probe  
  59  6:25  Pylon, Probe (Chrono Boost)  
  60  6:31  Observer  
  60  6:32  Probe (Chrono Boost)  
  62  6:37  Robotics Bay, Probe (Chrono Boost)  
  62  6:39  Forge  
  64  6:40  Sentry  
  64  6:41  Probe (Chrono Boost)  
  64  6:45  Probe (Chrono Boost)  
  64  6:46  Stalker  
  68  6:48  Probe (Chrono Boost)  
  68  6:49  Zealot  
  68  6:52  Probe (Chrono Boost)  
  68  6:55  Probe  
  66  7:03  Probe  
  66  7:07  Probe  
  67  7:15  Probe  
  67  7:19  Probe  
  68  7:27  Disruptor (Chrono Boost)  
  68  7:28  Probe  
  67  7:31  Probe  
  67  7:36  Photon Cannon  
  68  7:37  Photon Cannon  
  68  7:39  Shield Battery  
  68  7:40  Shield Battery, Probe  
  68  7:43  Photon Cannon  
  68  7:44  Photon Cannon  
  69  7:48  Probe  
  68  7:52  Stalker x2  
  70  8:11  Pylon, Probe  
  69  8:20  Pylon  
  69  8:25  Stalker x2  

Tags
 
Add a new tag
Caveats
  • Supply blocks, unpowered buildings, or Contaminate may cause inaccurate times.
  • Supply counts are checked every 10 seconds.